AoeStats
← Geosim

Nomad

507803047Analyzed
3v3 RM · 12d ago on Sep 19, 2026· 46m 5s· 6 players
Game mode
Random Map
Map size
210×210
Population
200
Speed
Normal
Resources
Standard
Victory
Conquest
Starting age
Dark Age
Ending age
Imperial Age
RankedLock teamsTeams togetherTeam positionsShared explorationLock speedFull tech treeHidden civsTurbo modeCheats
Victory
Defeat
🇩🇪 Spanish · Germany
1233
+15
🇬🇧 Malians · United Kingdom
1193
+16
🇹🇷 Celts · Türkiye
1191
+16
🇹🇷 Huns · Türkiye
1233
-17
🇹🇷 Goths · Türkiye
1215
-16
🇹🇷 Franks · Türkiye
1159
-14
M.S.
6:10 Loom
15:46 Feudal Age
21:18 Castle Age
20:37 Double-Bit Axe
20:45 Gold Mining
21:31 Stone Mining
22:44 Wheelbarrow
simirfan
3:07 Loom
15:11 Feudal Age
15:14 Man-at-Arms
16:38 Gold Mining
16:52 Scale Mail Armor
17:10 Fishing Lines
17:58 Double-Bit Axe
25:15 Padded Archer Armor
25:07 Fletching
25:29 Forging
Geosim
6:16 Loom
13:57 Feudal Age
14:47 Double-Bit Axe
20:07 Castle Age
22:04 Husbandry
23:40 Bow Saw
25:00 Forging
25:46 Bloodlines
27:25 Scale Barding Armor
milaqet
4:43 Loom
14:49 Feudal Age
15:30 Town Watch
18:45 Castle Age
17:48 Horse Collar
17:56 Double-Bit Axe
19:58 Fletching
21:36 Bow Saw
21:42 Heavy Plow
25:56 Wheelbarrow
30:29 Padded Archer Armor
31:43 Bodkin Arrow
35:22 Imperial Age
34:12 Leather Archer Armor
33:46 Demolition Ship
34:40 Medium Warships
35:04 Hand Cart
36:25 Ballistics
38:44 Ballistics
39:24 Chemistry
39:07 Ring Archer Armor
38:56 Spies/Treason
Scandinavian
4:22 Loom
13:46 Feudal Age
14:26 Double-Bit Axe
19:40 Castle Age
18:07 Stone Mining
18:08 Horse Collar
19:30 Forging
19:45 Scale Mail Armor
19:50 Pikeman
20:27 Gambesons
21:20 Town Watch
24:36 Heavy Plow
24:55 Bow Saw
30:01 Chain Mail Armor
29:08 Man-at-Arms
29:34 Arson
33:22 Fletching
34:30 Medium Warships
33:43 Demolition Ship
35:48 Bodkin Arrow
37:07 Wheelbarrow
36:33 Town Patrol
39:41 Imperial Age
37:44 Padded Archer Armor
39:32 Leather Archer Armor
40:10 Heavy Demolition Ship
41:55 Hand Cart
41:16 Capped Ram
niColaus
6:40 Loom
13:00 Feudal Age
16:48 Castle Age
16:08 Town Watch
22:23 Double-Bit Axe
29:15 Horse Collar
29:46 Bow Saw
Connection lost

Rejoining the realm…

Still unreachable

The connection could not be restored.

Session expired

The server has moved on; the page needs a fresh start.